 Dungeon Crawl Stone Soup version 0.25.1-8-g42b30a86e7 (webtiles) character file.

Game seed: 13282875607891862977

92 Gabide the Skirmisher (level 4, 0/35 HPs)
             Began as a Human Abyssal Knight on Dec 7, 2020.
             Was a Follower of Lugonu.
             Slain by a goblin (2 damage)
             ... on level 2 of the Dungeon.
             The game lasted 00:05:58 (1723 turns).

Gabide the Skirmisher (Human Abyssal Knight)        Turns: 1723, Time: 00:05:59

Health: 0/35       AC:  5    Str: 13    XL:     4   Next: 90%
Magic:  5/5        EV: 11    Int: 12    God:    Lugonu [*.....]
Gold:   72         SH:  0    Dex: 13    Spells: 3/3 levels left

rFire    . . .     SeeInvis .   a - +3 spear
rCold    . . .     Gourm    .   (no shield)
rNeg     . . .     Faith    .   b - +1 leather armour
rPois    .         Spirit   .   (no helmet)
rElec    .         Reflect  .   d - +0 cloak
rCorr    .         Harm     .   (no gloves)
MR       .....                  (no boots)
Stlth    +.........             (no amulet)
HPRegen  0.11/turn              (no ring)
MPRegen  0.09/turn              (no ring)

@: no status effects
A: no striking features
a: Depart the Abyss, Renounce Religion


You were on level 2 of the Dungeon.
You worshipped Lugonu.
Lugonu was aware of your devotion.
You were hungry.

You visited 1 branch of the dungeon, and saw 2 of its levels.
You visited the Abyss 1 time.

You collected 72 gold pieces.

Inventory:

Hand Weapons
 a - a +3 spear (weapon)
Missiles
 f - 35 stones (quivered)
Armour
 b - a +1 leather armour (worn)
 d - a +0 cloak (worn)
Wands
 e - a wand of acid (6)
Potions
 h - a potion of stabbing
Comestibles
 c - 5 rations
 g - 4 chunks of flesh


   Skills:
 + Level 3.3 Fighting
 * Level 3.3 Polearms
 * Level 1.6 Throwing
 + Level 2.2 Armour
 + Level 1.1 Dodging
 * Level 2.4 Invocations


You had 3 spell levels left.
You didn't know any spells.
Your spell library was empty.

Dungeon Overview and Level Annotations

Branches:
Dungeon (2/15)

Altars:

Annotations:
D:2 Robin


Message History

The goblin hits you but does no damage. Ijyb hits you but does no damage.
You hit Ijyb but do no damage.
Ijyb is severely wounded.
The giant cockroach barely misses you. The goblin barely misses you.
The giant cockroach completely misses you.
Ijyb hits you but does no damage.
You puncture Ijyb!
You kill Ijyb!
Lugonu accepts your kill. The giant cockroach closely misses you.
The goblin hits you but does no damage.
You hit the goblin.
The goblin is moderately wounded.
The giant cockroach bites you but does no damage.
The goblin hits you.
* * * LOW HITPOINT WARNING * * *
You puncture the goblin!
You kill the goblin!
Lugonu accepts your kill. The giant cockroach barely misses you.
The goblin hits you.
You die...

#...g.....#
#...?.gg..#
#.(....?..#
#.....g.gg#
#....g..gw###
$...........# ####
###.$.......#.##
...##....#########wg#
##..... #.8.8g8@8wg#
#...... #.....gsgb.#
...# #$....gg...#
#.## #..........# #.#
#..........# ..#
#..........# ###
#.8.8.8.8..# #
############


You could see 2 worms, a giant cockroach, a hobgoblin, 6 goblins and a bat.

Vanquished Creatures
  Ijyb (D:2)
  2 adders (D:2)
  3 worms (D:2)
  2 dart slugs (D:1)
  A bat (D:1)
  11 goblins
  4 hobgoblins
  3 jackals (D:1)
  2 kobolds
  2 quokkas (D:2)
  2 frilled lizards (D:1)
  4 rats
37 creatures vanquished.

Notes
Turn   | Place    | Note
-------+----------+-------------------------------------------
     0 | Abyss:1  | Gabide the Human Abyssal Knight began the quest for the
                  | Orb.
     0 | Abyss:1  | Reached XP level 1. HP: 18/18 MP: 2/2
    54 | Abyss:1  | Noticed a wretched star
    55 | D:1      | Escaped the Abyss
   253 | D:1      | Reached XP level 2. HP: 24/24 MP: 3/3
   621 | D:1      | Reached skill level 1 in Throwing
   627 | D:1      | Reached XP level 3. HP: 11/29 MP: 4/4
   636 | D:1      | Reached * piety under Lugonu
  1101 | D:2      | HP: 1/43 [worm (5)]
  1267 | D:2      | Reached XP level 4. HP: 18/35 MP: 5/5
  1674 | D:2      | Noticed Robin
  1678 | D:2      | Noticed Ijyb
  1721 | D:2      | Killed Ijyb
  1723 | D:2      | Slain by a goblin

Illustrated notes

Levels and vault maps discovered:
D:1:      dpeg_arrival_pits, layout_loops_ring
D:2:      kennysheep_the_goblin_king, layout_rooms, kennysheep_generic_room_7,
          uniq_robin, uniq_jessica

Skill      XL: |  1  2  3 |
---------------+----------+-----
Throwing       | 1 |  1.6
Polearms       | 3 |  3.3
Fighting       | |  3.3
Armour         | |  2.2
Dodging        | |  1.1
Invocations    | |  2.4

Action                   |  1- 3 |  4- 6 || total
-------------------------+-------+-------++-------
Melee: Spear             |    96 |    43 ||   139
Throw: Stone             |    53 |    17 ||    70
Invok: Depart the Abyss  |     1 |       ||     1
  Use: Scroll            |     5 |     2 ||     7
       Potion            |     4 |       ||     4
  Eat: Chunk             |     1 |     1 ||     2
Armor: Leather armour    |     9 |    40 ||    49
       Skin              |     6 |       ||     6
Dodge: Dodged            |    27 |    62 ||    89
